 Dungeon Crawl Stone Soup version 0.29-a0-321-gf1c400731a (webtiles) character file.

Game seed: 4632878594471447575

796 Murumi the Covert (level 7, 0/36 HPs)
             Began as a Vampire Monk on Apr 5, 2022.
             Slain by a gnoll
             ... wielding a +0 whip
              (4 damage)
             ... on level 4 of the Dungeon.
             The game lasted 00:17:58 (5147 turns).

Murumi the Covert (Vampire Monk)                    Turns: 5147, Time: 00:17:58

Health: 0/36       AC:  6    Str: 10    XL:     7   Next: 58%
Magic:  7/7        EV: 10    Int: 13    God:
Gold:   248        SH:  0    Dex: 18    Spells: 6/6 levels left

rFire   . . .      SeeInvis +   a - +1 long sword
rCold   + + .      Faith    .   (no shield)
rNeg    + + +      Spirit   .   b - +0 scale mail
rPois   ∞          Reflect  .   (no helmet)
rElec   .          Harm     .   (no cloak)
rCorr   .          Rampage  .   (no gloves)
Will    .....                   (no boots)
Stlth   +++++.....              (no amulet)
HPRegen 0.00/turn               (no ring)
MPRegen 0.10/turn               (no ring)

@: bloodless, inhibited regen, studying Necromancy
A: bloodless, fangs 3, see invisible, vampiric 2, [frail 1]
a: Bat Form, Revivify


You were on level 4 of the Dungeon.
You visited 1 branch of the dungeon, and saw 5 of its levels.
You also visited: Sewer.

You collected 248 gold pieces.

Inventory:

Hand Weapons
 a - a +1 long sword (weapon)
 d - a +0 falchion
 f - a +0 hunting sling
Armour
 b - a +0 scale mail (worn)
Wands
 j - a wand of flame (16)
Scrolls
 h - a scroll of torment
Potions
 c - a potion of ambrosia
 e - a potion of attraction {unknown}
 i - a potion of degeneration {unknown}
 k - 4 potions of curing
 l - 3 potions of mutation
 m - a potion of flight {unknown}
 n - a potion of magic {unknown}
 o - 2 potions of invisibility {unknown}
 p - a potion of heal wounds {unknown}
 q - 3 potions of brilliance {unknown}


   Skills:
 - Level 3.0 Fighting
 - Level 4.0 Long Blades
 - Level 3.0 Slings
 + Level 2.6 Armour
 - Level 4.0 Dodging
 - Level 9.0 Stealth
 - Level 1.0 Evocations


You had 6 spell levels left.
You didn't know any spells.
Your spell library contained the following spells:

 Spells                   Type           Power      Damage    Failure   Level
 Static Discharge         Conj/Air       0%         N/A       96%         2
 Dispel Undead            Necr           0%         3d6       100%        4
 Sticky Flame             Conj/Fire      0%         2d3       100%        4


Dungeon Overview and Level Annotations

Branches:
Dungeon (5/15)              Sewer (visited)
 Temple: D:4-7

Altars:


Innate Abilities, Weirdness & Mutations

You do not regenerate when monsters are visible.
You are frail without blood (-20% HP).
You can heal yourself when you bite living creatures.
You are immune to poison.
You have razor-sharp teeth.
You have supernaturally acute eyesight. (SInv)
You are afflicted with vampirism and can become a bat while bloodless.
[You are frail. (-10% HP)]


Message History

The gnoll shouts!
The gnoll is heavily wounded.
You hear a shout! x2
A gnoll comes into view. It is wielding a +0 whip.
You shoot a sling bullet. The gnoll sergeant shouts!
The gnoll shouts! x2
The sling bullet hits the gnoll.
You kill the gnoll!
A gnoll comes into view. It is wielding a +0 club.
You shoot a sling bullet.
The sling bullet barely misses the gnoll sergeant.
The sling bullet barely misses the gnoll.
A gnoll comes into view. It is wielding a +0 whip.
You shoot a sling bullet.
The sling bullet closely misses the gnoll sergeant.
The sling bullet hits the gnoll.
The gnoll is lightly wounded.
You shoot a sling bullet.
The sling bullet hits the gnoll sergeant but does no damage.
The gnoll sergeant hits you from afar with a +0 trident.
The gnoll barely misses you. The gnoll sergeant closely misses you.
Okay, then.
The gnoll hits you but does no damage. The gnoll hits you with a +0 whip.
The gnoll sergeant barely misses you.
You climb upwards.
There is a stone staircase leading down here.
a - a +1 long sword (weapon)
You closely miss the gnoll. You bite the gnoll, but do no damage.
The gnoll hits you with a +0 whip. The gnoll barely misses you.
The gnoll hits you with a +0 whip! The gnoll closely misses you.
The gnoll hits you with a +0 whip. The gnoll closely misses you.
The gnoll attacks as you move away! The gnoll hits you with a +0 whip.
* * * LOW HITPOINT WARNING * * *
The gnoll attacks as you move away! The gnoll hits you with a +0 whip.
* * * LOW HITPOINT WARNING * * *
The gnoll attacks as you move away! The gnoll hits you but does no damage.
You slash the gnoll! Your bite misses the gnoll.
The gnoll is severely wounded.
The gnoll hits you with a +0 whip.
You die...

.....#.#.#.##############
.......#.)...#
.....###).##.# .....#
##....# .....# #..#######
.....# ##.......# ######
###..####.# #.....# #.#
### #.##..###@# ..####
#[#.....#g#
.....###.#.....g.#
......##.#.#..#.##
......##.#.#.>..#
#.....##.#.######
#.....##.#..#
#........##.#
#....######.#


You could see 2 gnolls.

Vanquished Creatures
  Grinder (D:4)
  Menkaure (D:4)
  3 kobold brigands (Sewer)
  A hound (D:5)
  3 iguanas (D:4)
  A mummy (D:4)
  A gnoll (D:5)
  3 adders
  A river rat (D:4)
  2 worms
  2 dart slugs (D:1)
  An orc (D:3)
  10 endoplasms
  5 giant cockroaches
  7 goblins
  5 hobgoblins
  17 kobolds
  6 quokkas
  8 ball pythons
  9 bats
  4 frilled lizards
  11 rats
102 creatures vanquished.

Vanquished Creatures (others)
  A fungus (Sewer)
1 creature vanquished.

Grand Total: 103 creatures vanquished

Notes
Turn   | Place    | Note
-------+----------+-------------------------------------------
     0 | D:1      | Murumi the Vampire Monk began the quest for the Orb.
     0 | D:1      | Reached XP level 1. HP: 17/17 MP: 1/1
   302 | D:1      | Reached XP level 2. HP: 19/19 MP: 2/2
   639 | D:1      | Reached skill level 1 in Armour
   646 | D:1      | Gained mutation: You are afflicted with vampirism and can
                  | become a bat while bloodless. [Vampire growth]
   646 | D:1      | Reached XP level 3. HP: 23/23 MP: 3/3
  1235 | D:2      | Reached skill level 4 in Stealth
  2076 | D:3      | Reached skill level 5 in Stealth
  2076 | D:3      | Reached XP level 4. HP: 28/28 MP: 4/4
  3207 | D:4      | Reached skill level 6 in Stealth
  3217 | D:4      | Found a glowing drain.
  3225 | Sewer    | Entered a sewer
  3512 | Sewer    | Reached skill level 1 in Slings
  3645 | Sewer    | Noticed a kobold brigand
  3645 | Sewer    | Noticed a kobold brigand
  3645 | Sewer    | Noticed a kobold brigand
  3652 | Sewer    | Killed a kobold brigand
  3653 | Sewer    | Reached skill level 1 in Evocations
  3653 | Sewer    | Reached XP level 5. HP: 29/32 MP: 5/5
  3656 | Sewer    | Reached XP level 6. HP: 26/37 MP: 6/6
  3658 | Sewer    | Reached skill level 7 in Stealth
  3916 | D:4      | Noticed Grinder
  3944 | D:4      | Paralysed by Grinder for 4 turns
  3954 | D:4      | Paralysed by Grinder for 7 turns
  3960 | D:4      | HP: 1/37 [Grinder (9)]
  3964 | D:4      | Killed Grinder
  3965 | D:4      | Reached skill level 8 in Stealth
  3965 | D:4      | Reached skill level 9 in Stealth
  3965 | D:4      | Reached XP level 7. HP: 12/41 MP: 7/7
  4630 | D:4      | Noticed Menkaure
  4635 | D:4      | Killed Menkaure
  5044 | D:5      | Entered Level 5 of the Dungeon
  5147 | D:4      | Slain by a gnoll

Illustrated notes

Levels and vault maps discovered:
D:1:      dpeg_arrival_stone_temple_mockup, layout_rooms, serial_bayou_lagoon_a,
          chequers_decorated_corner, hex_large
D:2:      layout_basic, minmay_hedge_maze
D:3:      layout_basic
D:4:      layout_basic, gup_sewer_entry_spiral, gup_ossuary_entry_pyramid,
          uniq_menkaure, uniq_grinder
D:5:      layout_cave_pools, item_on_display_a

Skill      XL: |  1  2  3  4  5  6  7 |
---------------+----------------------+-----
Fighting       | 3 |  3.0
Dodging        | 4 |  4.0
Armour         | 1 2 |  2.6
Stealth        | 5 6 9 |  9.0
Slings         | 2 3 |  3.0
Evocations     | 1 |  1.0
Long Blades    | 4 |  4.0

Action                   |  1- 3 |  4- 6 |  7- 9 || total
-------------------------+-------+-------+-------++-------
Melee: Falchion          |    69 |       |       ||    69
       Bite              |     7 |    11 |     4 ||    22
       Punch             |     1 |     3 |       ||     4
       Long sword        |    30 |   115 |    38 ||   183
 Fire: Hunting sling     |       |    20 |    22 ||    42
 Abil: Exsanguinate      |     1 |       |     2 ||     3
       Revivify          |       |       |     1 ||     1
  Use: Scroll            |     4 |     1 |     1 ||     6
       Potion            |       |     2 |       ||     2
 Stab: Sleeping          |    15 |    15 |     1 ||    31
Armor: Robe              |     6 |       |       ||     6
       Ring mail         |    19 |    43 |     1 ||    63
       Scale mail        |       |       |     7 ||     7
Dodge: Dodged            |    57 |    82 |    24 ||   163

Table legend: (Time is in decaauts)
 A = Elapsed time spent in this place.
 B = Non-inter-level travel time spent in this place.
 C = Inter-level travel time spent in this place.
 D = Time resting spent in this place.
 E = Time spent auto-exploring this place.
 F = Levels seen in this place.
 G = Mean time per level.
                   A        B        C        D        E       F      G
               +--------+--------+--------+--------+--------+-----+--------+
         Total |   5278 |   4735 |    543 |      4 |   3586 |   6 |  879.7 |
       Dungeon |   4676 |   4133 |    543 |      4 |   3126 |   5 |  935.2 |
         Sewer |    602 |    602 |      0 |      0 |    460 |   1 |  602.0 |
               +--------+--------+--------+--------+--------+-----+--------+

Top non-repeatable levels by time:
     D:4: 1647 daAuts
     D:3: 1033 daAuts
     D:2: 1011 daAuts
     D:1: 959 daAuts
   Sewer: 602 daAuts
     D:5: 25 daAuts
